 Dungeon Crawl Stone Soup version 0.29-a0-322-g68df515428 (webtiles) character file.

Game seed: 14072702413465401547

280 zishaf the Bolt Thrower (level 6, -16/38 HPs)
             Began as a Kobold Hunter on Apr 8, 2022.
             Was an Initiate of Cheibriados.
             Demolished by an ogre
             ... wielding a +0 giant spiked club
              (32 damage)
             ... on level 4 of the Dungeon.
             The game lasted 00:04:44 (3487 turns).

zishaf the Bolt Thrower (Kobold Hunter)             Turns: 3487, Time: 00:04:45

Health: -16/38     AC:  9    Str:  9    XL:     6   Next: 52%
Magic:  7/7        EV: 16    Int: 12    God:    Cheibriados [......]
Gold:   124        SH:  5    Dex: 27    Spells: 5/5 levels left

rFire   . . .      SeeInvis .   a - +1 hand crossbow
rCold   . . .      Faith    .   (no shield)
rNeg    . . .      Spirit   .   n - +0 ring mail
rPois   .          Reflect  +   l - +2 helmet
rElec   .          Harm     .   (no cloak)
rCorr   .          Rampage  .   (no gloves)
Will    .....                   h - +0 pair of boots
Stlth   +++.......              k - amulet of reflection
HPRegen 0.12/turn               q - +6 ring of dexterity
MPRegen 0.10/turn               (no ring)

@: very slow
A: small, no large weapons, nightstalker 3
a: Renounce Religion


You were on level 4 of the Dungeon.
You worshipped Cheibriados.
Cheibriados was noncommittal.
You visited 2 branches of the dungeon, and saw 5 of its levels.

You collected 124 gold pieces.

Inventory:

Hand Weapons
 a - a +1 hand crossbow (weapon)
Armour
 b - a +0 leather armour
 h - a +0 pair of boots (worn)
 l - a +2 helmet (worn)
 n - a +0 ring mail (worn)
Jewellery
 k - an amulet of reflection (around neck)
 q - a +6 ring of dexterity (left hand)
Wands
 p - a wand of mindburst (3)
Scrolls
 c - a scroll of immolation
 e - a scroll of teleportation
Potions
 d - a potion of lignification {unknown}
 f - a potion of curing
 g - 4 potions of heal wounds
 i - a potion of brilliance {unknown}
 j - a potion of resistance
 m - a potion of flight {unknown}
 o - a potion of degeneration {unknown}
 r - a potion of magic {unknown}


   Skills:
 + Level 4.2 Fighting
 + Level 6.9 Crossbows
 + Level 4.7 Dodging
 - Level 1.3 Stealth
 + Level 1.4 Invocations


You had 5 spell levels left.
You didn't know any spells.
Your spell library contained the following spells:

 Spells                   Type           Power      Damage    Failure   Level
 Freeze                   Ice            0%         1d3       67%         1
 Frozen Ramparts          Ice            0%         1d2       95%         3
 Hailstorm                Conj/Ice       0%         3d3       100%        4
 Conjure Ball Lightning   Conj/Air       0%         3x3d6     100%        6
 Discord                  Hex            0%         N/A       100%        8
 Disjunction              Tloc           0%         N/A       100%        8


Dungeon Overview and Level Annotations

Branches:
Dungeon (4/15)             Temple (1/1) D:4

Altars:
Cheibriados
Fedhas
Gozag
Vehumet


Innate Abilities, Weirdness & Mutations

You are small and have problems with some larger weapons.
You are completely attuned to the shadows.


Message History

i - a green potion
Items here: ( )) ÷ †.
m - an amethyst potion
Items here: )) ÷÷.
Found a scale mail.
Found a stone staircase leading down.
Found a stone staircase leading down.
An ogre comes into view. It is wielding a +0 giant spiked club.
You shoot a bolt. The bolt completely misses the ogre.
You shoot a bolt. The bolt hits the ogre.
The ogre shouts!
The ogre is lightly wounded.
You shoot a bolt. The bolt barely misses the ogre.
You shoot a bolt. The bolt hits the ogre.
The ogre is lightly wounded.
The ogre closely misses you.
You shoot a bolt. The bolt hits the ogre!
The ogre is moderately wounded.
The ogre hits you with a +0 giant spiked club!!
Ouch! That really hurt!
You are too injured to fight recklessly!
Shoot: a) +1 hand crossbow
Press: ? - help, Q - select action, (/) - cycle Shift-Dir - straight line, f/p - ogre
Aim: an ogre, wielding a +0 giant spiked club (moderately wounded, 82% to hit)
You shoot a bolt. The bolt barely misses the ogre.
The ogre closely misses you.
Shoot: a) +1 hand crossbow
Press: ? - help, Q - select action, (/) - cycle Shift-Dir - straight line, f/p - ogre
Aim: an ogre, wielding a +0 giant spiked club (moderately wounded, 82% to hit)
You shoot a bolt. The bolt barely misses the ogre.
The ogre barely misses you.
Shoot: a) +1 hand crossbow
Press: ? - help, Q - select action, (/) - cycle Shift-Dir - straight line, f/p - ogre
Aim: an ogre, wielding a +0 giant spiked club (moderately wounded, 82% to hit)
You shoot a bolt.
The bolt hits the ogre but does no damage.
The ogre is moderately wounded.
The ogre hits you with a +0 giant spiked club!!
Ouch! That really hurt!
You die...

.##.## .##..#
..##.### #..#...#
########### **.###.#
#....>....#
*.....####.........#
*........#.........#
*..................#
*.....#........@...#
*#########.....O...#
#.........#
*..>......#
*,........#
*,,,,,,,,,*
***********


You could see an ogre.

Vanquished Creatures
  A bullfrog (D:3)
  A scorpion (D:4)
  7 gnolls
  3 adders (D:4)
  A worm (D:3)
  A dart slug (D:3)
  5 ball pythons
  8 endoplasms
  6 giant cockroaches
  4 goblins
  5 hobgoblins
  3 jackals (D:2)
  3 quokkas
  3 bats
  4 frilled lizards
  7 kobolds
  4 rats
66 creatures vanquished.

Notes
Turn   | Place    | Note
-------+----------+-------------------------------------------
     0 | D:1      | zishaf the Kobold Hunter began the quest for the Orb.
     0 | D:1      | Reached XP level 1. HP: 12/12 MP: 1/1
   381 | D:1      | Reached XP level 2. HP: 18/18 MP: 2/2
   541 | D:1      | Found a faded altar of an unknown god.
   929 | D:1      | Reached XP level 3. HP: 22/22 MP: 3/3
  1647 | D:2      | Found a blossoming altar of Fedhas.
  1915 | D:3      | Reached skill level 6 in Crossbows
  1915 | D:3      | Reached XP level 4. HP: 27/28 MP: 4/4
  2277 | D:3      | Noticed a bullfrog
  2285 | D:3      | Killed a bullfrog
  2286 | D:3      | Reached XP level 5. HP: 17/33 MP: 5/5
  2958 | D:4      | Found a staircase to the Ecumenical Temple.
  2964 | Temple   | Entered the Ecumenical Temple
  3011 | Temple   | Became a worshipper of Cheibriados the Contemplative
  3113 | D:4      | Reached XP level 6. HP: 28/38 MP: 6/6
  3349 | D:4      | Reached skill level 1 in Invocations
  3479 | D:4      | Noticed an ogre
  3487 | D:4      | Demolished by an ogre

Illustrated notes

Levels and vault maps discovered:
D:1:      dpeg_arrival_orchard, layout_basic,
          ebering_ecumenical_altar_petrified, chequers_arboretum,
          roderic_serpentine_path
D:2:      layout_loops_ring, basic_altar, minmay_strange_pillars
D:3:      layout_basic
D:4:      layout_rooms, minmay_temple_entry_slanted
Temple:   dpeg_five_rooms_temple

Skill      XL: |  1  2  3  4  5  6 |
---------------+-------------------+-----
Dodging        | 3 4 |  4.7
Fighting       | 3 4 |  4.2
Crossbows      | 6 |  6.9
Invocations    | 1 |  1.4
Stealth        | |  1.3

Action                   |  1- 3 |  4- 6 || total
-------------------------+-------+-------++-------
 Fire: Hand crossbow     |    90 |    97 ||   187
  Use: Scroll            |       |     7 ||     7
Armor: Leather armour    |     3 |       ||     3
       Ring mail         |     3 |    19 ||    22
Dodge: Dodged            |    21 |    52 ||    73
Block: Other             |     3 |    15 ||    18

Table legend: (Time is in decaauts)
 A = Elapsed time spent in this place.
 B = Non-inter-level travel time spent in this place.
 C = Inter-level travel time spent in this place.
 D = Time resting spent in this place.
 E = Time spent auto-exploring this place.
 F = Levels seen in this place.
 G = Mean time per level.
                   A        B        C        D        E       F      G
               +--------+--------+--------+--------+--------+-----+--------+
         Total |   3580 |   3406 |    174 |      0 |   2945 |   5 |  716.0 |
       Dungeon |   3490 |   3358 |    132 |      0 |   2905 |   4 |  872.5 |
        Temple |     89 |     48 |     41 |      0 |     40 |   1 |   89.0 |
               +--------+--------+--------+--------+--------+-----+--------+

Top non-repeatable levels by time:
     D:3: 1156 daAuts
     D:1: 1136 daAuts
     D:2: 663 daAuts
     D:4: 534 daAuts
  Temple: 89 daAuts
